 Dungeon Sprint DCSS version 0.28-a0-1518-gbe868bca14 (webtiles) character file.

Game seed: 5901065034088457482

31899 mhtbhm the End of an Era (level 13, -23/91 HPs)
             Began as a Gargoyle Fighter on Jan 16, 2022.
             Was the Champion of Qazlal.
             Annihilated by an orc warlord (55 damage)
             ... in the Dungeon (Sprint VII: "The Pits").
             The game lasted 00:10:05 (3656 turns).

mhtbhm the End of an Era (Gargoyle Fighter)         Turns: 3656, Time: 00:10:07

Health: -23/91     AC: 34    Str: 25    XL:     13   Next: 61%
Magic:  17/27      EV: 17    Int:  9    God:    Qazlal [******]
Gold:   35         SH: 16    Dex:  9    Spells: 12/12 levels left

rFire   . . .      SeeInvis .   C - +11 hand axe of Meem {elec, Will++}
rCold   + . .      Faith    .   c - +0 buckler
rNeg    + . .      Spirit   .   b - +3 plate armour
rPois   ∞          Reflect  .   o - +1 hat
rElec   +          Harm     .   n - +1 cloak {Stlth+}
rCorr   .          Rampage  .   (no gloves)
Will    ++...      NoTele   +   r - +0 pair of boots
Stlth   ..........              (no amulet)
HPRegen 0.25/turn               u - ring of protection from cold
MPRegen 0.20/turn               p - ring of the Hare {EV+8}

@: invisible, repel missiles
A: sickness immunity, AC +9, negative energy resistance 1, electricity
resistance, torment resistance 1, petrification resistance
a: Renounce Religion, Upheaval, Elemental Force, Disaster Area


You were in the Dungeon.
You worshipped Qazlal.
Qazlal was exalted by your worship.
You visited 1 branch You collected 35 gold pieces.

Inventory:

Hand Weapons
 a - a +0 vorpal flail
 C - the +11 hand axe of Meem (weapon) {elec, Will++}
   (You found it in the Dungeon)

   It occasionally discharges a powerful burst of electricity upon striking a
   foe.
   Will:      It greatly increases your willpower.
Missiles
 w - 2 poisoned darts (quivered)
Armour
 b - a +3 plate armour (worn)
 c - a +0 buckler (worn)
 n - a +1 cloak of stealth (worn)
 o - a +1 hat (worn)
 r - a +0 pair of boots (worn)
Jewellery
 p - the ring of the Hare (right hand) {EV+8}
   (You found it in the Dungeon)

   [ring of evasion]

   EV:        It affects your evasion (+8).
 u - a ring of protection from cold (left hand)
 z - the ring "Dunel" {Wiz Fly rF- Dex+7 SInv}
   (You found it in the Dungeon)

   [ring of wizardry]

   It improves your spell success rate.
   Dex:       It affects your dexterity (+7).
   rF:        It makes you vulnerable to fire.
   SInv:      It lets you see invisible.
   Fly:       It grants you flight.
 A - a ring of protection from cold
Wands
 s - a wand of polymorph (8)
Scrolls
 j - 2 scrolls of blinking
 l - 5 scrolls of amnesia
 m - a scroll of summoning
 t - 3 scrolls of enchant armour
 v - 6 scrolls of identify
 x - 2 scrolls of enchant weapon
 y - a scroll of fog
Potions
 d - 2 potions of might
 e - 8 potions of curing
 f - 4 potions of heal wounds
 g - 6 potions of haste
 h - 5 potions of magic
 i - 2 potions of berserk rage
 k - 2 potions of invisibility
 q - a potion of mutation
 B - 4 potions of brilliance


   Skills:
 + Level 14.9 Fighting
 + Level 4.0(10.8) Axes
 + Level 16.6(16.9) Maces & Flails
 + Level 0.1 Throwing
 + Level 15.2 Armour
 + Level 4.2 Dodging
 + Level 3.0 Stealth
 + Level 18.7 Shields
 * Level 20.1 Invocations
 + Level 1.8 Evocations


You had 12 spell levels left.
You didn't know any spells.
Your spell library was empty.

Dungeon Overview and Level Annotations

Branches:
Dungeon (1/1)

Altars:
Ashenzari
Cheibriados
Dithmenos
Elyvilon
Fedhas
Gozag
Hepliaklqana
Kikubaaqudgha
Makhleb
Nemelex Xobeh
Okawaru
Qazlal
Ru
Sif Muna
Trog
Uskayaw
Vehumet
Wu Jian
Xom
Yredelemnul
Zin
The Shining One
Beogh
Jiyva
Lugonu


Innate Abilities, Weirdness & Mutations

You are immune to sickness and miasma.
Your stone body is resilient. (AC +9)
You are immune to poison.
You resist negative energy. (rN+)
You are resistant to electric shocks. (rElec)
You are resistant to unholy torment.
You are immune to petrification.


Message History

The orc warlord is almost dead.
You barely miss the orc knight.
The orc knight is no longer encased in ice.
The orc knight no longer looks unusually strong.
The orc knight shoots a bolt.
The bolt hits the orc knight!!
The orc knight dies!
The orc warlord hits you with a +6 dire flail of protection!
Your Stealth skill increases to level 3!
You slash the orc warlord!
The orc warlord is almost dead.
The orc knight is no longer encased in ice.
The orc knight shoots a bolt.
The bolt misses you.
The orc warlord roars a battlecry!
The orc knight goes into a battle-frenzy!
You hit the orc warlord but do no damage.
The orc warlord is almost dead.
You hit the orc knight.
Lightning courses through the orc knight!
The orc knight shoots a bolt.
The bolt hits the orc knight!!
Unknown command.
You closely miss the orc warlord.
The orc warlord is almost dead.
You hit the orc knight but do no damage.
The orc warlord closely misses you. You block the orc knight's attack.
You barely miss the orc warlord.
The orc warlord is almost dead.
You slash the orc knight!
Lightning courses through the orc knight!
You kill the orc knight!
Qazlal accepts your kill.
The orc warlord hits you with a +6 dire flail of protection!!!
Ouch! That really hurt!
Your base Axes skill increases to level 4!
You hit the orc knight.
The orc knight is almost dead.
You barely miss the orc warlord.
The orc knight unwields a +0 arbalest.
The orc knight wields a +0 long sword.
You block the orc knight's attack.
The orc warlord hits you with a +6 dire flail of protection!!!
Ouch! That really hurt!
You die...

.+ .+ '#
'###############################+
...................≈..≈.....†....
..................[≈.≈......†....
.##############†'##############).
.# #..§°°.°.# #.. .# #..[o@...#
#.. .# ####.o#### #.. .# .)°§☼.
#.. .# ...))).... #.. .#
..#......(.#.. #.. .# #
####..#### # #.. .# #### #.. .#
##


You could see an orc warlord (strong) and an orc knight (strong).

Vanquished Creatures
  A deep elf blademaster (D)
  A storm dragon (D)
  2 orc warlords (D)
  A war gargoyle (D)
  A great orb of eyes (D)
  A boulder beetle (D)
  Erica (D)
  A death knight (D)
  A death yak (D)
  A two-headed ogre (D)
  A sixfirhy (D)
  A fire crab (D)
  A sea snake (D)
  A deep troll (D)
  2 spriggan druids (D)
  A phantasmal warrior (D)
  A bog body (D)
  Pikel (D)
  10 orc knights (D)
  A deep elf pyromancer (D)
  A deep elf zephyrmancer (D)
  2 cyclopes (D)
  2 rust devils (D)
  3 smoke demons (D)
  2 cane toads (D)
  An orange demon (D)
  A gargoyle (D)
  2 rime drakes (D)
  A freezing wraith (D)
  2 hellwings (D)
  3 guardian mummies (D)
  2 hornets (D)
  A merfolk (D)
  3 polar bears (D)
  A troll (D)
  6 dream sheep (D)
  A jumping spider (D)
  A spriggan (D)
  A water elemental (D)
  A hog (D)
  A basilisk (D)
  A fire elemental (D)
  A steam dragon (D)
  A chaos spawn (D)
  3 redbacks (D)
  A neqoxec (D)
  2 wargs (D)
  A floating eye (D)
  A swamp drake (D)
  2 ice beasts (D)
  3 orc warriors (D)
  Pargi (D)
  A small abomination (D)
  10 wolves (D)
  A lemure (D)
  A kobold brigand (D)
  An earth elemental (D)
  4 killer bees (D)
  A crimson imp (D)
  A quasit (D)
  3 orc priests (D)
  Crazy Yiuf (D)
  2 iron imps (D)
  A jelly (D)
  An orc wizard (D)
  A hell rat (D)
  Ijyb (D)
  A gnoll (D)
  A worm (D)
  7 orcs (D)
  2 ball pythons (D)
  A hobgoblin (D)
  6 jackals (D)
  A quokka (D)
  A bat (D)
  A bat simulacrum (D)
  2 frilled lizards (D)
  A kobold (D)
140 creatures vanquished.

Vanquished Creatures (collateral kills)
  A bone dragon (D)
  A white draconian (D)
2 creatures vanquished.

Vanquished Creatures (others)
  An orc knight (D)
1 creature vanquished.

Grand Total: 143 creatures vanquished

Notes
Turn   | Place    | Note
-------+----------+-------------------------------------------
     0 | D        | mhtbhm the Gargoyle Fighter began the quest for the Orb.
     0 | D        | Reached XP level 1. HP: 14/14 MP: 1/1
    27 | D        | Found a bloodstained altar of Trog.
    27 | D        | Found a shimmering blue altar of Sif Muna.
    27 | D        | Found a viscous altar of Jiyva.
    27 | D        | Found a hazy altar of Hepliaklqana.
    27 | D        | Found an opulent altar of Gozag.
    28 | D        | Found a glowing golden altar of the Shining One.
    28 | D        | Found a glowing silver altar of Zin.
    28 | D        | Found a basalt altar of Yredelemnul.
    28 | D        | Found a shimmering altar of Xom.
    28 | D        | Found an ornate altar of the Wu Jian Council.
    28 | D        | Found a sacrificial altar of Ru.
    28 | D        | Found a stormy altar of Qazlal.
    28 | D        | Found an iron altar of Okawaru.
    28 | D        | Found a sparkling altar of Nemelex Xobeh.
    28 | D        | Found a burning altar of Makhleb.
    28 | D        | Found a blossoming altar of Fedhas.
    28 | D        | Found a white marble altar of Elyvilon.
    28 | D        | Found a shadowy altar of Dithmenos.
    28 | D        | Found a snail-covered altar of Cheibriados.
    31 | D        | Found a corrupted altar of Lugonu.
    31 | D        | Found a radiant altar of Vehumet.
    32 | D        | Found an ancient bone altar of Kikubaaqudgha.
    32 | D        | Found a hide-covered altar of Uskayaw.
    32 | D        | Found a broken altar of Ashenzari.
    35 | D        | Became a worshipper of Qazlal Stormbringer
   184 | D        | Reached * piety under Qazlal
   193 | D        | Noticed an iron imp
   197 | D        | Reached XP level 2. HP: 20/20 MP: 2/2
   198 | D        | Reached ** piety under Qazlal
   209 | D        | Reached skill level 5 in Armour
   209 | D        | Reached skill level 5 in Shields
   209 | D        | Reached XP level 3. HP: 23/24 MP: 3/3
   212 | D        | Reached *** piety under Qazlal
   277 | D        | Noticed a wolf
   307 | D        | HP: 1/24 [wolf (4)]
   315 | D        | Killed a wolf
   316 | D        | Reached skill level 5 in Fighting
   316 | D        | Reached skill level 1 in Dodging
   316 | D        | Reached skill level 3 in Invocations
   316 | D        | Reached XP level 4. HP: 27/32 MP: 3/6
   316 | D        | Reached XP level 5. HP: 30/36 MP: 3/7
   463 | D        | Noticed a floating eye
   463 | D        | Noticed an ice beast
   463 | D        | Noticed Crazy Yiuf
   474 | D        | Paralysed by a floating eye for 4 turns
   483 | D        | Paralysed by a floating eye for 4 turns
   488 | D        | Killed an ice beast
   488 | D        | Reached **** piety under Qazlal
   489 | D        | Reached skill level 5 in Maces & Flails
   489 | D        | Reached skill level 4 in Invocations
   489 | D        | Reached XP level 6. HP: 42/42 MP: 7/9
   490 | D        | Killed Crazy Yiuf
   491 | D        | Paralysed by a floating eye for 3 turns
   495 | D        | Killed a floating eye
   496 | D        | Reached skill level 5 in Invocations
   636 | D        | Noticed a warg
   642 | D        | Killed a warg
   643 | D        | Reached skill level 6 in Invocations
   643 | D        | Reached XP level 7. HP: 43/48 MP: 11/11
   672 | D        | Noticed a death yak
   691 | D        | Killed a death yak
   692 | D        | Reached skill level 7 in Invocations
   692 | D        | Reached XP level 8. HP: 23/54 MP: 11/13
   848 | D        | Noticed Pikel
   880 | D        | Killed Pikel
   880 | D        | Reached ***** piety under Qazlal
   881 | D        | Reached skill level 10 in Maces & Flails
   881 | D        | Reached skill level 8 in Invocations
   920 | D        | Noticed Pargi
   933 | D        | Reached skill level 10 in Shields
   933 | D        | Reached skill level 9 in Invocations
   933 | D        | Reached XP level 9. HP: 53/60 MP: 15/15
   935 | D        | Killed Pargi
   936 | D        | Reached skill level 10 in Armour
  1111 | D        | Noticed a phantasmal warrior
  1123 | D        | Killed a phantasmal warrior
  1143 | D        | Noticed a deep troll
  1145 | D        | Noticed Ijyb
  1155 | D        | Reached skill level 10 in Invocations
  1159 | D        | Noticed a merfolk
  1167 | D        | Reached ****** piety under Qazlal
  1168 | D        | Killed a deep troll
  1168 | D        | Killed a merfolk
  1168 | D        | Killed Ijyb
  1169 | D        | Reached skill level 11 in Invocations
  1169 | D        | Reached XP level 10. HP: 22/67 MP: 8/18
  1405 | D        | Noticed a sea snake
  1406 | D        | Noticed a two-headed ogre
  1419 | D        | Killed a sea snake
  1420 | D        | Reached skill level 10 in Fighting
  1442 | D        | Killed a two-headed ogre
  1528 | D        | Noticed a rust devil
  1528 | D        | Noticed a white draconian
  1529 | D        | Noticed Erica
  1547 | D        | Killed a white draconian
  1548 | D        | Reached skill level 12 in Invocations
  1548 | D        | Killed Erica
  1549 | D        | Reached XP level 11. HP: 73/73 MP: 14/20
  1567 | D        | Reached skill level 15 in Maces & Flails
  1606 | D        | Noticed a deep elf zephyrmancer
  1622 | D        | Killed a deep elf zephyrmancer
  1933 | D        | Noticed a cyclops
  1947 | D        | Killed a cyclops
  1948 | D        | Reached skill level 13 in Invocations
  1976 | D        | Noticed a boulder beetle
  1976 | D        | Noticed a bog body
  1976 | D        | Noticed a spriggan druid
  1979 | D        | Killed a bog body
  1980 | D        | Reached skill level 1 in Stealth
  1980 | D        | Reached skill level 15 in Shields
  1985 | D        | Killed a spriggan druid
  2002 | D        | Killed a boulder beetle
  2003 | D        | Reached skill level 14 in Invocations
  2101 | D        | Got the ring "Dunel" {Wiz Fly rF- Dex+7 SInv}
  2189 | D        | Noticed a spriggan rider
  2452 | D        | Noticed an orc knight
  2453 | D        | Reached XP level 12. HP: 43/82 MP: 22/22
  2918 | D        | Noticed a storm dragon
  2918 | D        | Noticed an orc warlord
  2920 | D        | Killed an orc warlord
  2920 | D        | Killed a storm dragon
  2921 | D        | Reached skill level 15 in Invocations
  3041 | D        | Noticed a deep elf blademaster
  3041 | D        | Noticed a great orb of eyes
  3042 | D        | Killed a great orb of eyes
  3043 | D        | Reached skill level 16 in Invocations
  3043 | D        | Reached skill level 1 in Evocations
  3043 | D        | Noticed a war gargoyle
  3047 | D        | Noticed a bone dragon
  3048 | D        | Noticed a death knight
  3056 | D        | Killed a death knight
  3056 | D        | Killed a deep elf blademaster
  3057 | D        | Reached skill level 17 in Invocations
  3057 | D        | Reached XP level 13. HP: 55/90 MP: 16/25
  3057 | D        | Killed a war gargoyle
  3058 | D        | Reached skill level 18 in Invocations
  3089 | D        | Killed a bone dragon
  3090 | D        | Reached skill level 19 in Invocations
  3328 | D        | Found the ring of the Hare {EV+8}
  3340 | D        | Got the +11 hand axe of Meem {elec, Will++}
  3587 | D        | Reached skill level 1 in Axes
  3625 | D        | Noticed an orc warlord
  3625 | D        | Noticed an orc warlord
  3629 | D        | Reached skill level 15 in Armour
  3637 | D        | Killed an orc warlord
  3638 | D        | Reached skill level 20 in Invocations
  3656 | D        | Annihilated by an orc warlord

Illustrated notes

Levels and vault maps discovered:
D:        pitsprint [storerooms_1, entrance_room_1, metal_vault_1, armoury_2,
          mini_pit_1, grid_room_1, main_hall_1, silver_pit, the_coven_3,
          the_vestibule_1, steel_vault_2, golden_pit, hallway_of_sentries,
          crystal_vault_2, iron_vault_3, final_vault]

Skill      XL: |  1  2  3  4  5  6  7  8  9 10 11 12 13 |
---------------+----------------------------------------+-----
Armour         | 4 5 6 7 9 11 12 13 14 15 | 15.2
Shields        | 4 5 6 7 8 9 10 11 13 16 17 18 | 18.7
Fighting       | 4 5 6 7 8 9 10 12 14 | 14.9
Maces & Flails | 3 5 7 9 10 13 14 15 16 | 16.6
Dodging        | 1 2 3 4 |  4.2
Invocations    | 3 4 6 7 9 11 12 14 17 20 | 20.1
Stealth        | 1 3 |  3.0
Evocations     | 1 |  1.8
Axes           | 4 |  4.0
Throwing       | |  0.1

Action                   |  1- 3 |  4- 6 |  7- 9 | 10-12 | 13-15 || total
-------------------------+-------+-------+-------+-------+-------++-------
Melee: Mace              |    32 |       |       |       |       ||    32
       Flail             |    34 |    25 |   101 |   190 |    29 ||   379
       Hand axe          |       |       |       |       |    42 ||    42
Throw: Dart              |       |       |       |       |     2 ||     2
Invok: Disaster Area     |       |       |     1 |     9 |     2 ||    12
       Elemental Force   |       |       |       |     1 |     1 ||     2
       Upheaval          |       |       |       |       |     2 ||     2
Evoke: Wand              |       |       |       |     3 |       ||     3
  Use: Potion            |     3 |     1 |     2 |     6 |     4 ||    16
 Stab: Invisible         |       |       |       |       |     2 ||     2
Armor: Scale mail        |    24 |       |       |       |       ||    24
       Plate armour      |    19 |    11 |    53 |    84 |    38 ||   205
Dodge: Dodged            |    28 |     6 |    10 |    49 |    35 ||   128
Block: Buckler           |    40 |     9 |    45 |   139 |    66 ||   299

Table legend: (Time is in decaauts)
 A = Elapsed time spent in this place.
 B = Non-inter-level travel time spent in this place.
 C = Inter-level travel time spent in this place.
 D = Time resting spent in this place.
 E = Time spent auto-exploring this place.
 F = Levels seen in this place.
 G = Mean time per level.
                   A        B        C        D        E       F      G
               +--------+--------+--------+--------+--------+-----+--------+
         Total |   3624 |   3624 |      0 |   2191 |     29 |   1 | 3624.0 |
       Dungeon |   3624 |   3624 |      0 |   2191 |     29 |   1 | 3624.0 |
               +--------+--------+--------+--------+--------+-----+--------+

Top non-repeatable levels by time:
       D: 3624 daAuts
